 Dungeon Crawl Stone Soup version 0.32-a0-520-g344ed53f66 (webtiles) character file.

Game seed: 5196109757639107377

909 pokeman the Thaumaturge (level 7, -3/38 HPs)
             Began as a Deep Elf Hedge Wizard on Feb 28, 2024.
             Was an Initiate of Vehumet.
             Killed from afar by a white imp (7 damage)
             ... with a puff of frost
             ... on level 6 of the Dungeon.
             The game lasted 00:10:18 (5290 turns).

pokeman the Thaumaturge (Deep Elf Hedge Wizard)     Turns: 5290, Time: 00:10:20

Health: -3/38      AC:  2    Str:  7    XL:     7   Next: 81%
Magic:  17/20      EV: 13    Int: 26    God:    Vehumet [......]
Gold:   328        SH:  0    Dex: 14    Spells: 6/22 levels left

rFire   . . .        s - +7 dagger of Pielogoch {drain, rElec Will+ Int+5}
rCold   . . .        (no shield)
rNeg    . . .        b - +0 robe
rPois   .            c - +0 hat
rElec   +            (no cloak)
rCorr   +            (no gloves)
SInv    .            (no boots)
Will    +....        f - amulet of magic regeneration
Stlth   ++           p - ring of resist corrosion
HPRegen 0.26/turn    (no ring)
MPRegen 0.57/turn

%: no passive effects
@: no status effects
A: no striking features
a: Renounce Religion


You were on level 6 of the Dungeon.
You worshipped Vehumet.
Vehumet was noncommittal.
You visited 2 branches of the dungeon, and saw 7 of its levels.

You collected 328 gold pieces.

Inventory:

Hand Weapons
 s - the +7 dagger of Pielogoch (weapon) {drain, rElec Will+ Int+5}
   (You found it on level 3 of the Dungeon)

   Int+5:     It affects your intelligence (+5).
   rElec:     It insulates you from electricity.
   Will+:     It increases your willpower.
Armour
 b - a +0 robe (worn)
 c - a +0 hat (worn)
 w - the +0 ring mail of the Volcano {rPois Int+3 Slay+2 Stlth-}
   (You found it on level 5 of the Dungeon)

   Int+3:     It affects your intelligence (+3).
   Slay+2:    It affects your accuracy & damage with ranged weapons and melee
   (+2).
   rPois:     It protects you from poison Stlth-: It makes you less stealthy.
Jewellery
 f - an amulet of magic regeneration (around neck)
 p - a ring of resist corrosion (left hand)
Wands
 r - a wand of paralysis (6)
Scrolls
 g - 9 scrolls of identify {unknown}
 j - a scroll of acquirement {unknown}
 k - 3 scrolls of teleportation {unknown}
 l - 3 scrolls of vulnerability {unknown}
 m - a scroll of noise {unknown}
 n - 3 scrolls of blinking {unknown}
 o - a scroll of silence {unknown}
 v - a scroll of enchant armour {unknown}
Potions
 a - a potion of degeneration {unknown}
 d - a potion of magic
 e - a potion of ambrosia {unknown}
 h - 2 potions of enlightenment {unknown}
 i - 3 potions of attraction {unknown}
 q - a potion of might {unknown}
 t - 2 potions of curing {unknown}
 u - a potion of heal wounds {unknown}
 x - a potion of lignification {unknown}
 z - a potion of haste {unknown}
 A - a potion of brilliance {unknown}


   Skills:
 - Level 1.0 Fighting
 - Level 1.0 Armour
 - Level 3.0 Dodging
 - Level 3.0 Stealth
 * Level 8.2 Spellcasting
 + Level 4.1 Conjurations
 - Level 1.1 Summonings
 - Level 1.1 Translocations
 + Level 3.0 Ice Magic
 - Level 2.2 Air Magic
 + Level 2.9 Alchemy
 - Level 2.0 Evocations


You had 6 spell levels left.
You knew the following spells:

 Your Spells              Type           Power      Damage    Failure   Level
a - Magic Dart            Conj           100%       1d8       1%          1
b - Mephitic Cloud        Conj/Alch/Air  26%        N/A       4%          3
c - Call Imp              Summ           32%        N/A       5%          2
d - Blink                 Tloc           32%        N/A       5%          2
e - Hailstorm             Conj/Ice       29%        3d8       3%          3
f - Irradiate             Conj/Alch      14%        3d16      34%         5

Your spell library contained the following spells:

 Spells                   Type           Power      Damage    Failure   Level
 Freeze                   Ice            100%       1d10      1%          1
 Cigotuvi's Dreadful Rot  Necr/Alch/Air  38%        N/A       4%          2
 Frozen Ramparts          Ice            52%        1d8       4%          3
 Slow                     Hex            40%        N/A       5%          1
 Inner Flame              Hex/Fire       10%        N/A       17%         3
 Ignition                 Fire           5%         3d4       100%        8


Dungeon Overview and Level Annotations

Branches:
Dungeon (6/15)             Temple (1/1) D:4

Altars:
Ashenzari
Cheibriados
Dithmenos
Elyvilon
Fedhas
Gozag
Hepliaklqana
Kikubaaqudgha
Makhleb
Nemelex Xobeh
Okawaru
Qazlal
Ru
Sif Muna
Trog
Uskayaw
Vehumet
Xom
Yredelemnul
Zin
The Shining One

Annotations:
D:6 Duvessa, Maggie


Message History

* * * LOW HITPOINT WARNING * * *
A white imp comes into view.
You are engulfed in noxious fumes.
You choke on the stench!
You are more confused.
The white imp shouts, "Scamper home, thou mewling dizzy-eyed scut!"
The scorpion is engulfed in noxious fumes.
The scorpion appears confused.
The howler monkey is engulfed in noxious fumes.
The howler monkey appears confused.
Maggie gestures wildly while chanting.
Maggie attempts to bespell you! You resist with almost no effort.
A phantom comes into view.
The scorpion is engulfed in noxious fumes.
The scorpion appears confused.
The howler monkey is engulfed in noxious fumes.
The howler monkey appears confused.
The phantom moves out of view.
Unknown command.
An ufetubus comes into view.
The scorpion stings itself.
The howler monkey misses you. The howler monkey closely misses you.
The white imp shouts, "Flee, thou baffled tickle-brained bootlicker!"
Unknown command.
A black bear comes into view.
You feel less confused.
The black bear growls angrily.
The howler monkey barely misses you.
The white imp shouts, "Scamper hence, thou mewling flat-headed tinkerer!"
The white imp gestures at you. The puff of frost hits you!
* * * LOW HITPOINT WARNING * * *
Duvessa, Sister of Dowan comes into view.
She is wielding a +0 short sword.
Casting: Mephitic Cloud (dangerous; 4% risk of failure)
Confirm with . or Enter, or press ? or * to list all spells.
Aiming: Mephitic Cloud (dangerous; 4% risk of failure)
Press: ? - help, Shift-Dir - straight line, f - Maggie, p - howler monkey
Aim: Maggie, wielding a +2 war axe of draining, wearing +0 acid dragon scales and wearing a ring of resist corrosion (chance to affect: 77%)
The ball explodes into a vile cloud!
The stinking cloud engulfs Maggie.
The white imp gestures at you. The puff of frost hits you!
You die...

..##.. #.# .## ......# #.#
##.... ....... #.###.....##
#
.....e.##.##..###..######..
.......h..##.#.......##...
.......#..#....###......###
.......5..☼.s............. .
........§☼○§§.#.)....##.###.
.......#§@§@○...............
........§§§h..............##
.........5.............#)..#
....###................#...)
.... #W)..............##.))
... .....>.............###).
.. ...................# ##.
....#..............## ##
....#......##.....##


You could see Maggie, Duvessa, a black bear, a phantom, a scorpion (confused), a
howler monkey (confused), a white imp and an ufetubus.

Vanquished Creatures
  Edmund (D:5)
  2 black bears (D:4)
  2 scorpions (D:4)
  3 hounds
  A jelly (D:6)
  An orc priest (D:3)
  A gnoll bouda (D:6)
  2 sleepcaps (D:6)
  2 iguanas
  An orc wizard (D:3)
  5 gnolls (D:6)
  3 adders
  A shadow imp (D:6)
  A dart slug (D:3)
  3 ribbon worms
  9 orcs
  3 ball pythons
  9 bats
  6 endoplasms
  7 giant cockroaches
  11 goblins
  5 hobgoblins
  13 jackals
  A kobold (D:1)
  3 quokkas
  2 frilled lizards
  4 rats
102 creatures vanquished.

Vanquished Creatures (collateral kills)
  An orc (D:3)
1 creature vanquished.

Grand Total: 103 creatures vanquished

Notes
Turn   | Place    | Note
-------+----------+-------------------------------------------
     0 | D:1      | pokeman the Deep Elf Hedge Wizard began the quest for the
                  | Orb.
     0 | D:1      | Reached XP level 1. HP: 10/10 MP: 7/7
   295 | D:1      | Reached XP level 2. HP: 15/15 MP: 4/9
   358 | D:1      | You fall into a shaft and drop 1 floor!
   440 | D:2      | Found a shimmering altar of Xom.
   569 | D:1      | Reached skill level 5 in Spellcasting
   688 | D:1      | Reached XP level 3. HP: 20/20 MP: 8/11
   692 | D:1      | Learned a level 3 spell: Mephitic Cloud
   695 | D:1      | Learned a level 2 spell: Call Imp
   698 | D:1      | Learned a level 2 spell: Blink
  1207 | D:2      | Reached skill level 1 in Armour
  1333 | D:2      | Reached skill level 1 in Fighting
  1913 | D:3      | Reached XP level 4. HP: 25/25 MP: 13/13
  2072 | D:3      | Identified the +7 dagger of Pielogoch {drain, rElec Will+
                  | Int+5}
  2813 | D:3      | Reached skill level 6 in Spellcasting
  2813 | D:3      | Reached XP level 5. HP: 11/29 MP: 3/15
  2901 | D:4      | Learned a level 3 spell: Hailstorm
  2907 | D:4      | Learned a level 5 spell: Irradiate
  3173 | D:4      | Noticed a black bear
  3192 | D:4      | Killed a black bear
  3193 | D:4      | Reached skill level 1 in Ice Magic
  3193 | D:4      | Reached skill level 1 in Air Magic
  3193 | D:4      | Reached skill level 1 in Alchemy
  3193 | D:4      | Reached skill level 1 in Evocations
  3193 | D:4      | Reached XP level 6. HP: 28/34 MP: 15/17
  3539 | D:4      | Found a staircase to the Ecumenical Temple.
  3549 | Temple   | Entered the Ecumenical Temple
  3554 | Temple   | Became a worshipper of Vehumet
  3626 | D:4      | Found a glowing silver altar of Zin.
  3709 | D:4      | Reached skill level 7 in Spellcasting
  4237 | D:5      | Entered Level 5 of the Dungeon
  4260 | D:5      | Noticed Edmund
  4269 | D:5      | Killed Edmund
  4270 | D:5      | Reached XP level 7. HP: 38/38 MP: 13/19
  4911 | D:5      | Identified the +0 ring mail of the Volcano {rPois Int+3
                  | Slay+2 Stlth-}
  5209 | D:6      | Reached skill level 8 in Spellcasting
  5276 | D:6      | Noticed Maggie
  5288 | D:6      | Noticed Duvessa
  5290 | D:6      | Killed from afar by a white imp

Illustrated notes

Levels and vault maps discovered:
D:1:      erik_arrival_cave_to_civilisation [erik_arrival_cave_to_hall],
          layout_basic
D:2:      layout_basic, basic_altar
D:3:      layout_basic, minivault_19
D:4:      black_bear_nest_1, layout_layer_cave, nicolae_overflow_hidden_temple,
          temple_pool_b, chequers_decorated_corner, minmay_misc_feat_encased
D:5:      layout_loops_corners, uniq_edmund
D:6:      layout_rooms, uniq_duvessa, uniq_sigmund, uniq_maggie
Temple:   nicolae_temple_bog_church

Skill      XL: |  1  2  3  4  5  6  7 |
---------------+----------------------+-----
Spellcasting   | 5 6 7 8 |  8.2
Armour         | 1 |  1.0
Fighting       | 1 |  1.0
Conjurations   | 2 3 4 |  4.1
Stealth        | 3 |  3.0
Dodging        | 3 |  3.0
Ice Magic      | 1 2 3 |  3.0
Air Magic      | 1 2 |  2.2
Alchemy        | 1 2 |  2.9
Evocations     | 1 2 |  2.0
Summonings     | |  1.1
Translocations | |  1.1

Action                     |  1- 3 |  4- 6 |  7- 9 || total
---------------------------+-------+-------+-------++-------
  Melee: Dagger            |    17 |    34 |    13 ||    64
   Cast: Magic Dart        |   102 |    93 |    36 ||   231
         Mephitic Cloud    |     2 |    10 |     4 ||    16
         Blink             |       |     4 |       ||     4
         Call Imp          |       |     2 |       ||     2
         Hailstorm         |       |     2 |     7 ||     9
   Stab: Confused          |     2 |     5 |     2 ||     9
 Armour: Robe              |    12 |    39 |    11 ||    62
  Dodge: Dodged            |    20 |    58 |    12 ||    90
         Repelled          |       |     2 |     1 ||     3

Table legend: (Time is in decaauts)
 A = Elapsed time spent in this place.
 B = Non-inter-level travel time spent in this place.
 C = Inter-level travel time spent in this place.
 D = Time resting spent in this place.
 E = Time spent auto-exploring this place.
 F = Levels seen in this place.
 G = Mean time per level.
                   A        B        C        D        E       F      G
               +--------+--------+--------+--------+--------+-----+--------+
         Total |   5294 |   5072 |    222 |    199 |   4163 |   7 |  756.3 |
       Dungeon |   5283 |   5065 |    218 |    199 |   4163 |   6 |  880.5 |
        Temple |     10 |      6 |      4 |      0 |      0 |   1 |   10.0 |
               +--------+--------+--------+--------+--------+-----+--------+

Top non-repeatable levels by time:
     D:4: 1355 daAuts
     D:3: 1220 daAuts
     D:1: 957 daAuts
     D:5: 899 daAuts
     D:2: 697 daAuts
     D:6: 152 daAuts
  Temple: 10 daAuts
